[Event "*** SCC Grand Prix: Titled Tuesday Blitz"]
[Site "Chess.com"]
[Date "2020.06.09"]
[Round "8"]
[White "aa175"]
[Black "SCIM"]
[Result "0-1"]
[WhiteElo "2395"]
[BlackElo "2550"]
[TimeControl "180+1"]
[EndTime "10:34:22 PDT"]
[Termination "SCIM won on time"]

1. d4 Nf6 2. Bf4 g6 3. e3 Bg7 4.
Nf3 O-O 5. Be2 d6 6. O-O b6 7.
c4 Bb7 8. Nc3 c5 9. d5 Nbd7 10.
e4 a6 11. a4 Nh5 12. Be3 Nhf6 13. h3 Qc7 14. Qc2 e6 15. dxe6 fxe6 16. Rfd1 Rad8 17. a5 bxa5 18. Rd2 Nb8 19. Rad1 Nc6 20. Ng5 Qe7 21. Qb3 e5 22. Ne6 Qxe6 23. Qxb7 Nd4 24. Nd5 Nxd5 25. cxd5 Qc8 26. Qxa6 Qxa6 27. Bxa6 Rb8 28. Bc4 Rb4 29. b3 a4 30. Bxd4 exd4 31. Rc1 Bh6 0-1

[Event "*** SCC Grand Prix: Titled Tuesday Blitz"]
[Site "Chess.com"]
[Date "2020.06.09"]
[Round "8"]
[White "amatatanav"]
[Black "Nastya_Rakhmangulova"]
[Result "1-0"]
[WhiteElo "2419"]
[BlackElo "2274"]
[TimeControl "180+1"]
[EndTime "10:34:24 PDT"]
[Termination "amatatanav won by resignation"]

1. e4 d5 2. exd5 Qxd5 3. Nc3 Qd6 4. d4 Nf6 5. Nf3 Bg4 6. h3 Bh5 7. Be2 Nc6 8. Nb5 Qd8 9. d5 Bxf3 10. Bxf3 Ne5 11. Bf4 Nxf3+ 12. Qxf3 Rc8 13. Nxa7 Ra8 14. Nb5 Rc8 15. O-O-O g6 16. Rhe1 Qd7 17. Nxc7+ Rxc7 18. Bxc7 Qxc7 19. Qxf6 Bh6+ 20. Kb1 O-O 21. Rxe7 Qa5 22.
d6 Qb6 23. Qd4 Qb5 24. Re5 Qd7 25. Re7 Qb5 26. a4 Qc6 27. d7 Rd8 28. Qd5 Qxa4 29. Qxf7+ 1-0

[Event "*** SCC Grand Prix: Titled Tuesday Blitz"]
[Site "Chess.com"]
[Date "2020.06.09"]
[Round "8"]
[White "Rinas_Oleg"]
[Black "bmt011"]
[Result "1-0"]
[WhiteElo "2217"]
[BlackElo "2106"]
[TimeControl "180+1"]
[EndTime "10:34:28 PDT"]
[Termination "Rinas_Oleg won by resignation"]

1. e4 e6 2. d4 d5 3. Nc3 Nf6 4. e5 Nfd7 5. f4 c5 6. Nf3 Nc6 7. Be3 Qb6 8. a3 cxd4 9. Nxd4 Nxd4 10. Bxd4 Bc5 11. Ne2 Bxd4 12. Qxd4 Qxd4 13. Nxd4 a6 14.
a4 b6 15. a5 b5 16. c3 Bb7 17.
b4 Rc8 18. Kd2 Ke7 19. Bd3 g6 20. g4 f6 21. exf6+ Kxf6 22. Rae1 Rhe8 23. Re3 Re7 24.
Rhe1 Rce8 25. Rh3 Kg7 26. Rhe3 e5 27. fxe5 Nxe5 28. h3 Nf3+ 29. Nxf3 Rxe3 30. Rxe3 Rxe3 31. Kxe3 d4+ 32. Nxd4 Bg2 33. h4 1-0

[Event "*** SCC Grand Prix: Titled Tuesday Blitz"]
[Site "Chess.com"]
[Date "2020.06.09"]
[Round "8"]
[White "esrosenberg"]
[Black "Quiet_Desperation"]
[Result "0-1"]
[WhiteElo "2197"]
[BlackElo "1920"]
[TimeControl "180+1"]
[EndTime "10:34:29 PDT"]
[Termination "Quiet_Desperation won on time"]

1. Nf3 d5 2. c4 Nf6 3. cxd5 Nxd5 4. d4 Nc6 5. e4 Nb6 6. d5 Nb8 7. Nc3 Bg4 8. a4 a5 9. Be3 N8d7 10. Bb5 e6 11. h3 Bxf3 12. gxf3 exd5 13. Bxb6 cxb6 14. Qxd5 Bb4 15. Rd1 O-O 16. Qxd7 Qf6 17. O-O Qxf3 18. Rd3 Qh5 19. Nd5 Bc5 20. Rg3 Kh8 21. Qg4 Qe5 22. Kg2 f5 23. Qg5 Qxe4+ 24. f3 Qe5 0-1

[Event "*** SCC Grand Prix: Titled Tuesday Blitz"]
[Site "Chess.com"]
[Date "2020.06.09"]
[Round "8"]
[White "Charlottemillard17"]
[Black "Shivagami"]
[Result "0-1"]
[WhiteElo "1519"]
[BlackElo "2268"]
[TimeControl "180+1"]
[EndTime "10:34:31 PDT"]
[Termination "Shivagami won by checkmate"]

1. e4 c5 2. Nf3 d6 3. d4 cxd4 4. Nxd4 Nf6 5. Nc3 a6 6. f4 e5 7. Nb3 b5 8. f5 Be7 9. Be2 O-O 10. g4 b4 11. Nb1 d5 12. exd5 Qxd5 13. Qxd5 Nxd5 14.
Bd3 Bb7 15. Rg1 a5 16. h4 Bxh4+ 17. Kd2 Nf4 18. g5 e4 19. Bc4 Bf2 20. Rf1 e3+ 21. Kd1 Bf3+ 22. Be2 Bxe2# 0-1

[Event "*** SCC Grand Prix: Titled Tuesday Blitz"]
[Site "Chess.com"]
[Date "2020.06.09"]
[Round "8"]
[White "platy3"]
[Black "elohunter1999"]
[Result "1-0"]
[WhiteElo "2747"]
[BlackElo "2502"]
[TimeControl "180+1"]
[EndTime "10:34:32 PDT"]
[Termination "platy3 won by resignation"]

1. e4 c5 2. Nf3 Nc6 3. d4 cxd4 4. Nxd4 Nf6 5. Nc3 e5 6. Ndb5 d6 7. Bg5 a6 8. Na3 b5 9. Nd5 Be7 10. Bxf6 Bxf6 11. c3 Bg5 12. Nc2 Rb8 13. g3 O-O 14. h4 Bh6 15. Bg2 a5 16. O-O Ne7 17. Nce3 Bxe3 18.
Nxe3 Be6 19. f4 Qb6 20. Qd2 exf4 21. gxf4 f5 22. Kh1 Kh8 23. Rad1 fxe4 24. Bxe4 Nf5 25. Bxf5 Bxf5 26. Qd4 Qc6+ 27. Kh2 Rbd8 28. Rg1 Qc7 29. Rg5 Be6 30. Rdg1 Rd7 31. h5 Rf6 32. Rxg7 Rxg7 33. Qxf6 Qf7 34. Qd8+ Rg8 35. Rxg8+ Qxg8 36. Qf6+ Qg7 37.
Qxe6 1-0

[Event "*** SCC Grand Prix: Titled Tuesday Blitz"]
[Site "Chess.com"]
[Date "2020.06.09"]
[Round "8"]
[White "pastouche06"]
[Black "EvgenyRomanov"]
[Result "0-1"]
[WhiteElo "2488"]
[BlackElo "2670"]
[TimeControl "180+1"]
[EndTime "10:34:33 PDT"]
[Termination "EvgenyRomanov won by resignation"]

1. d4 d5 2. c4 e6 3. Nc3 Bb4 4. a3 Bxc3+ 5. bxc3 b6 6. cxd5 exd5 7. e3 Nf6 8. Bd3 O-O 9. Ne2 c5 10. O-O Ba6 11.
f3 Bxd3 12. Qxd3 Re8 13. Ng3 Nc6 14. Bb2 Na5 15. Rae1 Nc4 16. Bc1 cxd4 17. cxd4 b5 18. e4 Qb6 19. Bg5 h6 20. Bxf6 Qxf6 21. e5 Qg6 22. Nf5 a5 23. g4 b4 24. axb4 axb4 25. Rb1 Qb6 26. Kh1 Ra3 27. Qe2 b3 28. g5 hxg5 29.
Rg1 Qg6 30. Ne3 Ra2 31. Qe1 Qh5 32. Ng4 Nd2 0-1

[Event "*** SCC Grand Prix: Titled Tuesday Blitz"]
[Site "Chess.com"]
[Date "2020.06.09"]
[Round "8"]
[White "Lagmantr"]
[Black "mishanick"]
[Result "0-1"]
[WhiteElo "2716"]
[BlackElo "2937"]
[TimeControl "180+1"]
[EndTime "10:34:38 PDT"]
[Termination "mishanick won on time"]

1. e4 c5 2. Nf3 d6 3. d4 cxd4 4. Nxd4 Nf6 5. Nc3 a6 6. Be3 e5 7. Nb3 Be6 8. f3 Nbd7 9. Qd2 b5 10. a4 b4 11. Nd5 Bxd5 12. exd5 Nb6 13. Bg5 Be7 14.
Bxf6 Bxf6 15. a5 Bg5 16. Qxb4 Nxd5 17. Qa4+ Qd7 18. Qxd7+ Kxd7 19. Bd3 Ne3 20. Kf2 Rhc8 21. Rae1 Nxc2 22. Bf5+ Ke7 23. Re2 Nb4 24. Bxc8 Rxc8 25. g3 Rb8 26. Rd1 f5 27. f4 Bf6 28. Nd4 g6 29. g4 fxg4 30. h3 gxh3 31. fxe5 dxe5 32.
Nf3 Ke6 33. Nd4+ Kf7 34. Nf3 Rb5 35. Rd6 Rxa5 36. Rb6 Nd3+ 37. Kg3 Nf4 38. Rb7+ Ke6 39. Nd4+ Kd6 40. Nf3 Nxe2+ 0-1

[Event "*** SCC Grand Prix: Titled Tuesday Blitz"]
[Site "Chess.com"]
[Date "2020.06.09"]
[Round "8"]
[White "chessplayer9919"]
[Black "BaMBoMaTTo"]
[Result "0-1"]
[WhiteElo "2520"]
[BlackElo "2649"]
[TimeControl "180+1"]
[EndTime "10:34:38 PDT"]
[Termination "BaMBoMaTTo won on time"]

1. d4 Nf6 2. c4 g6 3. Nc3 d5 4. cxd5 Nxd5 5. e4 Nxc3 6. bxc3 Bg7 7. Bc4 c5 8. Ne2 Nc6 9. Be3 O-O 10. O-O Bg4 11. f3 Bd7 12. Rb1 Qc7 13. d5 Na5 14.
Bd3 e6 15. c4 b5 16. cxb5 c4 17. Bc2 exd5 18. exd5 Rfe8 19. Bf2 c3 20. Nd4 Nc4 21. Nc6 Nd2 22. Re1 Nxb1 23. Qxb1 Rxe1+ 24. Qxe1 Re8 25. Qd1 Qf4 26. Bxa7 Bf5 27. Bxf5 Qxf5 28. Nb4 Bf8 29. Nc2 Rd8 30. Ne3 Qc8 31. Qc2 Bc5 32. Bxc5 Qxc5 33. Kf2 Rxd5 34. Kg3 Qxe3 0-1

[Event "*** SCC Grand Prix: Titled Tuesday Blitz"]
[Site "Chess.com"]
[Date "2020.06.09"]
[Round "8"]
[White "Treacherous_horse64"]
[Black "Haykos"]
[Result "1-0"]
[WhiteElo "2462"]
[BlackElo "2579"]
[TimeControl "180+1"]
[EndTime "10:34:38 PDT"]
[Termination "Treacherous_horse64 won by checkmate"]

1. d4 d5 2. Nf3 Nf6 3. Bf4 c5 4.
e3 Nc6 5. Nbd2 e6 6. c3 Bd6 7. Bg3 O-O 8. Bd3 b6 9. Ne5 Qc7 10.
f4 Ne7 11. Qf3 Bb7 12. Bf2 a5 13. g4 a4 14. g5 Ne4 15. Nxe4 dxe4 16. Bxe4 Bxe4 17.
Qxe4 a3 18. b3 cxd4 19. cxd4 Qc3+ 20. Ke2 Qb2+ 21. Kf3 Bxe5 22. fxe5 Nd5 23. Rhb1 Nc3 24. Qd3 Nxb1 25. Qxb1 Rfc8 26. Qh1 Rc2 27. Kg3 Rxf2 28. Qxa8# 1-0

[Event "*** SCC Grand Prix: Titled Tuesday Blitz"]
[Site "Chess.com"]
[Date "2020.06.09"]
[Round "8"]
[White "serhanberat_ozdemir"]
[Black "Meri-Arabidze"]
[Result "0-1"]
[WhiteElo "2478"]
[BlackElo "2651"]
[TimeControl "180+1"]
[EndTime "10:34:39 PDT"]
[Termination "Meri-Arabidze won on time"]

1. e4 c5 2. Nf3 e6 3. c3 d5 4.
exd5 exd5 5. d4 Nc6 6. Bb5 Bd6 7. dxc5 Bxc5 8. O-O Ne7 9. Nbd2 O-O 10. Nb3 Bd6 11. h3 a6 12. Bd3 Bc7 13. Nbd4 Qd6 14. a4 Ng6 15. b3 Nh4 16. Ba3 Qf4 17. g3 Nxf3+ 18.
Nxf3 Qf6 19. Bxf8 Bxh3 20. Bc5 Bxf1 21. Bxf1 Qxc3 22. Rc1 Qf6 23. Bg2 Rd8 24. Nd4 Ne5 25. Ba3 Bb6 26. Bb2 Qg6 27. Rc3 h5 28. Nf3 Qxg3 29.
Nxe5 Qxf2+ 30. Kh1 Qxb2 31. Qc1 Qf2 32. Rc8 Qh4+ 0-1

[Event "*** SCC Grand Prix: Titled Tuesday Blitz"]
[Site "Chess.com"]
[Date "2020.06.09"]
[Round "8"]
[White "Makswolf200817"]
[Black "ARMQUEEN"]
[Result "0-1"]
[WhiteElo "2417"]
[BlackElo "2326"]
[TimeControl "180+1"]
[EndTime "10:34:39 PDT"]
[Termination "ARMQUEEN won by resignation"]

1. Nf3 Nf6 2. c4 c5 3. g3 g6 4.
Bg2 Bg7 5. O-O O-O 6. Nc3 Nc6 7. d3 d5 8. h3 d4 9. Na4 Qd6 10. a3 a5 11. Nb6 Rb8 12. Nxc8 Rfxc8 13. e4 dxe3 14. Bxe3 b5 15. Rc1 Nd7 16. b3 bxc4 17.
bxc4 Bb2 18. Rc2 Bxa3 19. Re2 Bb2 20. Bf4 e5 21. Bh6 Ne7 22. Ng5 Nf5 23. Ne4 Qa6 24.
Bg5 a4 25. f4 exf4 26. Bxf4 Bd4+ 27. Kh2 Rb6 28. Ra2 a3 29. Bc1 Bb2 30. Rxf5 gxf5 31. Ng5 Bxc1 32. Qxc1 Rg6 33. Rxa3 Qd6 34. Bb7 Rb8 35.
Bd5 Ne5 36. h4 h6 37. Nh3 Nf3+ 38. Kh1 Qxg3 0-1

[Event "*** SCC Grand Prix: Titled Tuesday Blitz"]
[Site "Chess.com"]
[Date "2020.06.09"]
[Round "8"]
[White "Efremov_Vlad"]
[Black "alexsergeyev"]
[Result "0-1"]
[WhiteElo "2174"]
[BlackElo "2358"]
[TimeControl "180+1"]
[EndTime "10:34:39 PDT"]
[Termination "alexsergeyev won by resignation"]

1. d4 d5 2. c4 c6 3. Nf3 Nf6 4. Qb3 dxc4 5. Qxc4 b5 6. Qc2 Bb7 7. Bg5 Nbd7 8. Nbd2 Rc8 9. Nb3 e6 10. Nc5 Bxc5 11. dxc5 O-O 12. e4 Qa5+ 13. Bd2 Qa4 14.
Qxa4 bxa4 15. e5 Ng4 16. h3 Ngxe5 17. Nxe5 Nxe5 18. Be2 Rfd8 19. Bf4 Nd3+ 20. Bxd3 Rxd3 21. Bd6 Ba6 22. Rd1 f6 23. Rxd3 Bxd3 24. Kd2 Bc4 25. Ra1 e5 26. Kc3 Bd5 27. g3 Kf7 28. Kb4 Ke6 29.
Kxa4 g5 30. b3 h5 31. Ka5 Rh8 32. Re1 h4 33. f4 hxg3 34. fxe5 f5 35. Ka6 f4 36. Kxa7 f3 0-1

[Event "*** SCC Grand Prix: Titled Tuesday Blitz"]
[Site "Chess.com"]
[Date "2020.06.09"]
[Round "8"]
[White "Bastiandash"]
[Black "Berant"]
[Result "0-1"]
[WhiteElo "2170"]
[BlackElo "2330"]
[TimeControl "180+1"]
[EndTime "10:34:39 PDT"]
[Termination "Berant won by resignation"]

1. e4 c5 2. Nf3 Nc6 3. Nc3 e6 4. d4 cxd4 5. Nxd4 Nf6 6. g3 e5 7. Nf5 d5 8. exd5 Bxf5 9. dxc6 Qxd1+ 10. Nxd1 O-O-O 11. cxb7+ Kxb7 12. Bg2+ Be4 13. Bxe4+ Nxe4 14. Be3 Bc5 15. Bxc5 Nxc5 16. Nc3 Rd4 17. Ke2 Ne4 18. Nxe4 Rxe4+ 19. Kf3 Rc4 20. c3 e4+ 21. Ke3 f5 22.
Rhd1 Rc7 23. Rd5 Rf8 24. Rad1 Rff7 25. R1d4 g5 26. Re5 Rce7 27. Rxe7+ Rxe7 28. h4 h6 29. Rd6 Rh7 30. Kd4 f4 31. hxg5 e3 32. Kd3 exf2 33. Ke2 fxg3 34. Re6 hxg5 0-1

[Event "*** SCC Grand Prix: Titled Tuesday Blitz"]
[Site "Chess.com"]
[Date "2020.06.09"]
[Round "8"]
[White "Enriquack"]
[Black "AGW2016"]
[Result "1-0"]
[WhiteElo "2412"]
[BlackElo "2258"]
[TimeControl "180+1"]
[EndTime "10:34:40 PDT"]
[Termination "Enriquack won by resignation"]

1. e4 c5 2. Nf3 d6 3. d4 cxd4 4. Nxd4 Nf6 5. Nc3 Nc6 6. Bc4 e6 7. Be3 Be7 8. Qe2 O-O 9. O-O-O a6 10. Rhg1 Bd7 11. g4 Nxd4 12. Bxd4 b5 13. Bb3 b4 14. Na4 Bc6 15. f3 Nd7 16. Qf2 Rb8 17. e5 d5 18.
Nc5 Nxc5 19. Bxc5 Bxc5 20. Qxc5 Rc8 21. Qxb4 a5 22. Qd4 Qd7 23. c3 a4 24. Bc2 a3 25.
b3 Bb5 26. f4 Qc6 27. Rg3 Qc5 28. Qxc5 Rxc5 29. Rd4 Rfc8 30. Kd2 f6 31. exf6 gxf6 32.
Rh3 R8c7 33. g5 e5 34. Rb4 d4 35. gxf6 dxc3+ 36. Ke3 exf4+ 37. Kxf4 Kf7 38. Rxh7+ Kxf6 39. Rxc7 Rxc7 40. Rxb5 Rh7 41. Bxh7 1-0

[Event "*** SCC Grand Prix: Titled Tuesday Blitz"]
[Site "Chess.com"]
[Date "2020.06.09"]
[Round "8"]
[White "Vaathi_Coming"]
[Black "topotun"]
[Result "1-0"]
[WhiteElo "2836"]
[BlackElo "2609"]
[TimeControl "180+1"]
[EndTime "10:34:41 PDT"]
[Termination "Vaathi_Coming won by resignation"]

1. e4 c5 2. Nf3 e6 3. d4 cxd4 4. Nxd4 Nc6 5. Nc3 Qc7 6. Be3 a6 7. Qf3 Nf6 8. O-O-O Nxd4 9. Bxd4 e5 10. Qg3 d6 11.
Be3 b5 12. a3 Be6 13. Be2 Rb8 14. f4 b4 15. axb4 Rxb4 16. Rhf1 Qa5 17. Bd3 Rxb2 18. Kxb2 Qb4+ 19. Kc1 Qxc3 20. Qe1 Qa3+ 21. Kd2 d5 22. Ra1 Qb4+ 23. Ke2 dxe4 24. Bxa6 Bc4+ 25. Kf2 Ng4+ 26. Kg3 Nxe3 27. Qxe3 exf4+ 28. Rxf4 Bxa6 29. Rxe4+ 1-0

[Event "*** SCC Grand Prix: Titled Tuesday Blitz"]
[Site "Chess.com"]
[Date "2020.06.09"]
[Round "8"]
[White "Lenyas66"]
[Black "Fh2411"]
[Result "1-0"]
[WhiteElo "2578"]
[BlackElo "2445"]
[TimeControl "180+1"]
[EndTime "10:34:42 PDT"]
[Termination "Lenyas66 won on time"]

1. e4 c5 2. Nf3 e6 3. d4 cxd4 4. Nxd4 a6 5. c4 Nf6 6. Nc3 Bb4 7. Qd3 Qc7 8. Bg5 Qe5 9. Bxf6 Bxc3+ 10. Qxc3 Qxe4+ 11. Be2 gxf6 12. O-O Nc6 13. Nxc6 dxc6 14. Qxf6 Rg8 15.
Bf3 Qf5 16. Qc3 e5 17. Rfe1 f6 18. Rad1 Be6 19. Rd6 Rd8 20. Rxd8+ Kxd8 21. Be4 Qg5 22. g3 Rg7 23. Qb4 Rd7 24. Qb6+ Kc8 25. Bxc6 bxc6 26. Qxc6+ Kd8 27. Qxe6 a5 28. c5 Qd2 29. Rf1 Qd5 30. Qxf6+ Kc8 31. Qb6 Rc7 32. Rc1 Qd2 33. Qa6+ Kb8 34. Qc4 1-0

[Event "*** SCC Grand Prix: Titled Tuesday Blitz"]
[Site "Chess.com"]
[Date "2020.06.09"]
[Round "8"]
[White "PowerThinking2650"]
[Black "MateSchmate"]
[Result "0-1"]
[WhiteElo "2326"]
[BlackElo "2436"]
[TimeControl "180+1"]
[EndTime "10:34:42 PDT"]
[Termination "MateSchmate won on time"]

1. e4 e6 2. d4 d5 3. Nd2 a6 4. Ngf3 Nf6 5. e5 Nfd7 6. Bd3 c5 7. c3 Nc6 8. O-O g5 9. g4 h5 10. h3 hxg4 11. hxg4 Qb6 12. dxc5 Bxc5 13. Qe2 Qc7 14. Re1 Ba7 15. Kg2 Bb8 16. c4 Ndxe5 17. cxd5 Nxf3 18.
Nxf3 Nd4 19. Qe5 Qxe5 20. Nxe5 f6 21. Ng6 Rh2+ 22. Kf1 Kf7 23. Be3 Nf3 24. dxe6+ Bxe6 25. Bd4 Nxd4 26. Rac1 Bxg4 27. Re7+ Kg8 28. Re8+ Kg7 29. Re7+ Kh6 30. Ne5 Bf5 31. Bxf5 Nxf5 32. Ng4+ Kg6 33. Nxh2 Bxh2 34. Rcc7 Bxc7 35. Rxc7 b5 36. Rc6 Nd4 37. Rd6 Nf3 38. Kg2 Ne5 0-1

[Event "*** SCC Grand Prix: Titled Tuesday Blitz"]
[Site "Chess.com"]
[Date "2020.06.09"]
[Round "8"]
[White "Tsyhanchuk_Stanislav"]
[Black "DonPreuss"]
[Result "1-0"]
[WhiteElo "2407"]
[BlackElo "2226"]
[TimeControl "180+1"]
[EndTime "10:34:43 PDT"]
[Termination "Tsyhanchuk_Stanislav won on time"]

1. e4 e5 2. Nf3 d5 3. Nxe5 Bd6 4. d4 dxe4 5. Nc4 Ne7 6. Nc3 f5 7. Bg5 O-O 8. Be2 h6 9. Bxe7 Qxe7 10. g3 Nc6 11.
Ne3 f4 12. Ncd5 Qg5 13. gxf4 Bxf4 14. Qd2 Be6 15. Nxf4 Qxf4 16. O-O-O Bh3 17. Rhg1 Rad8 18. Qc3 Rd7 19. Bg4 Bxg4 20. Rxg4 Qxf2 21. d5 Nd8 22. Rdg1 Rff7 23. b3 c6 24. d6 Ne6 25. Nc4 e3 26.
Nxe3 Rxd6 27. Nc4 Rdd7 28. Ne5 Qxh2 29. Nxd7 Rxd7 30. Rg6 Qf4+ 31. Kb1 Qf7 32. Qc4 Rd5 33. Qg4 b5 34. Rxe6 1-0

[Event "*** SCC Grand Prix: Titled Tuesday Blitz"]
[Site "Chess.com"]
[Date "2020.06.09"]
[Round "8"]
[White "picturesquecheck"]
[Black "mjray79"]
[Result "0-1"]
[WhiteElo "2114"]
[BlackElo "2305"]
[TimeControl "180+1"]
[EndTime "10:34:44 PDT"]
[Termination "mjray79 won by resignation"]

1. e4 e5 2. Nf3 Nc6 3. Bc4 Bc5 4. c3 Nf6 5. O-O O-O 6. d4 exd4 7. cxd4 Bb6 8. e5 Ne4 9. Re1 d5 10. Bd3 Bf5 11.
Be3 f6 12. exf6 Qxf6 13. Nc3 Rad8 14. Bxe4 dxe4 15. Qb3+ Kh8 16. Ng5 Qg6 17. d5 Bxe3 18. fxe3 Ne5 19. Ne6 Bxe6 20. dxe6 Nf3+ 21. Kh1 Nxe1 22.
Rxe1 Rde8 23. Qxb7 Qxe6 24. Qxc7 Qf7 25. Qxf7 Rxf7 26.
Kg1 g6 27. h3 Kg7 28. Rd1 Rb7 29. b3 Rc7 30. Nd5 Rd7 31. Rd4 Red8 32. Nc3 Rxd4 33. exd4 Rxd4 34. Kf2 Kf6 35. Ke3 Rd3+ 0-1

[Event "*** SCC Grand Prix: Titled Tuesday Blitz"]
[Site "Chess.com"]
[Date "2020.06.09"]
[Round "8"]
[White "Boninknights"]
[Black "OhanyanEminChess"]
[Result "1-0"]
[WhiteElo "2356"]
[BlackElo "2433"]
[TimeControl "180+1"]
[EndTime "10:34:45 PDT"]
[Termination "Boninknights won by resignation"]

1. d4 Nf6 2. Nf3 c5 3. d5 d6 4. Nc3 g6 5. e4 Bg7 6. Bb5+ Nbd7 7. a4 O-O 8. O-O Rb8 9. h3 a6 10. Be2 b5 11. axb5 axb5 12. Nd2 b4 13. Nb5 Nb6 14. Na7 Bd7 15. Nc6 Bxc6 16. dxc6 Ra8 17. Rxa8 Qxa8 18. e5 dxe5 19. Bf3 Nfd5 20. Nc4 Nxc4 21. Qxd5 Nd6 22. Bg5 e4 23. Bxe7 exf3 24. Qxd6 fxg2 25. Rd1 Re8 26. Qxc5 Bf8 27. Bxf8 Rxf8 28. c7 Qc8 29. Qxf8+ Kxf8 30. Rd8+ 1-0

[Event "*** SCC Grand Prix: Titled Tuesday Blitz"]
[Site "Chess.com"]
[Date "2020.06.09"]
[Round "8"]
[White "KobyKalavannan"]
[Black "ftorodent"]
[Result "1-0"]
[WhiteElo "2544"]
[BlackElo "2658"]
[TimeControl "180+1"]
[EndTime "10:34:47 PDT"]
[Termination "KobyKalavannan won by resignation"]

1. d4 f5 2. g3 Nf6 3. Bg2 g6 4. Nh3 Bg7 5. Nf4 Nc6 6. h4 Ng4 7. d5 Nce5 8. h5 g5 9. h6 Bxh6 10.
Nd3 Nxd3+ 11. Qxd3 d6 12. Qd4 O-O 13. f3 Bg7 14.
Qd2 Nf6 15. Qxg5 e6 16. dxe6 Bxe6 17. Nc3 Nd5 18. Qh5 Nxc3 19. bxc3 Bxc3+ 20. Bd2 Bxd2+ 21. Kxd2 Qe7 22. f4 Qg7 23. c3 Rf6 24. Bxb7 Rb8 25.
Rab1 c5 26. Bf3 Rb6 27. Rxb6 axb6 28. Rb1 Qxg3 29. Qe8+ Kg7 30. Qe7+ Bf7 31. Qe3 Re6 32. Rg1 Qg6 33. Rxg6+ hxg6 34. Qd3 1-0

[Event "*** SCC Grand Prix: Titled Tuesday Blitz"]
[Site "Chess.com"]
[Date "2020.06.09"]
[Round "8"]
[White "Shtembuliak"]
[Black "jacky72"]
[Result "1-0"]
[WhiteElo "2851"]
[BlackElo "2683"]
[TimeControl "180+1"]
[EndTime "10:34:49 PDT"]
[Termination "Shtembuliak won by checkmate"]

1. c4 Nf6 2. Nc3 g6 3. e4 d6 4. d4 Bg7 5. Nge2 O-O 6. Ng3 a6 7. Be2 c5 8. dxc5 dxc5 9. Qxd8 Rxd8 10. e5 Ng4 11. f4 Nc6 12. h3 Nh6 13. Be3 Nd4 14. Kf2 Nhf5 15. Nxf5 Bxf5 16. g4 Be6 17. Rac1 f6 18. exf6 exf6 19. f5 gxf5 20. gxf5 Bxf5 21. Nd5 Nxe2 22. Kxe2 Be4 23. Rhd1 Bxd5 24. Rxd5 b6 25.
Rcd1 Rxd5 26. Rxd5 Kf7 27. Rd6 Rb8 28. Kf3 Kg6 29. b3 h5 30. a4 Rb7 31. Rc6 Bf8 32.
Bf4 Kf5 33. Bc7 b5 34. cxb5 axb5 35. a5 c4 36. a6 Ra7 37. bxc4 bxc4 38. Bb8 Ra8 39.
a7 Be7 40. Rxc4 Ke6 41. Ke4 f5+ 42. Kf4 Bd6+ 43. Bxd6 Kxd6 44. Ra4 Ke6 45. h4 Kd7 46. Kxf5 Kc7 47. Kg6 Kb7 48. Kxh5 Rh8+ 49. Kg6 Ka8 50.
h5 Rc8 51. Rf4 Kxa7 52. h6 Kb6 53. h7 Kc6 54. Rc4+ Kd7 55. Rxc8 Kxc8 56. h8=Q+ Kb7 57. Qf6 Ka7 58. Kf5 Ka8 59. Ke5 Ka7 60. Kd5 Kb8 61.
Kc6 Ka7 62. Qb2 Ka8 63. Qb7# 1-0

[Event "*** SCC Grand Prix: Titled Tuesday Blitz"]
[Site "Chess.com"]
[Date "2020.06.09"]
[Round "8"]
[White "Shoooting_Star"]
[Black "andriipalchuk"]
[Result "1-0"]
[WhiteElo "2706"]
[BlackElo "2272"]
[TimeControl "180+1"]
[EndTime "10:34:50 PDT"]
[Termination "Shoooting_Star won by resignation"]

1. d4 Nf6 2. c4 e6 3. Nc3 Bb4 4.
f3 c5 5. d5 d6 6. e4 b5 7. Bd2 O-O 8. Nxb5 Bxd2+ 9. Qxd2 exd5 10. cxd5 Ba6 11. Nc3 Bxf1 12. Kxf1 Re8 13. Nge2 Nbd7 14.
Kf2 Ne5 15. Rhe1 Qb6 16. Na4 Qa6 17. b3 Nd3+ 18. Kg1 Nxe1 19. Rxe1 Nd7 20. Ng3 g6 21. Qg5 Qa5 22. Rd1 Qd8 23. Qh6 Qf6 24. f4 Re7 25. f5 Rae8 26. Rf1 Rxe4 27. Nxe4 Rxe4 28. fxg6 Qxg6 29.
Qh3 Ne5 30. Nc3 Rb4 31. Qc8+ Kg7 32. Qh3 a6 33. Ne2 Rg4 34. Ng3 Kh8 35. Nf5 Qg5 36.
Nxd6 Rh4 37. Qc3 Qg7 38. Qxe5 Qxe5 39. Nxf7+ 1-0

[Event "*** SCC Grand Prix: Titled Tuesday Blitz"]
[Site "Chess.com"]
[Date "2020.06.09"]
[Round "8"]
[White "Caterpiller35"]
[Black "doctorcristian"]
[Result "0-1"]
[WhiteElo "2298"]
[BlackElo "2422"]
[TimeControl "180+1"]
[EndTime "10:34:55 PDT"]
[Termination "doctorcristian won by resignation"]

1. d4 Nf6 2. Bg5 Ne4 3. Bf4 d5 4. e3 Bf5 5. Bd3 e6 6. f3 Nd6 7. Nc3 Nc6 8. g4 Bxd3 9. Qxd3 Nc4 10. b3 Nb4 11. Qe2 Na3 12. O-O-O Nbxc2 13. Nb5 Bd6 14. Bxd6 cxd6 15. Kb2 Qa5 16. Nxd6+ Ke7 17. Nxb7 Qb4 18. Nc5 Nxe3 19. Rc1 Nac2 20. Rxc2 Qxd4+ 21. Kb1 Nxc2 22. Qxc2 Rhc8 23. b4 Qxb4+ 0-1

[Event "*** SCC Grand Prix: Titled Tuesday Blitz"]
[Site "Chess.com"]
[Date "2020.06.09"]
[Round "8"]
[White "Evgeny_Ermakov1965"]
[Black "PavelShkapenko"]
[Result "1-0"]
[WhiteElo "2561"]
[BlackElo "2671"]
[TimeControl "180+1"]
[EndTime "10:34:57 PDT"]
[Termination "Evgeny_Ermakov1965 won by resignation"]

1. d4 Nf6 2. c4 e6 3. Nc3 Bb4 4. e3 c5 5. Ne2 cxd4 6. Nxd4 Nc6 7. Bd2 O-O 8. Bd3 d5 9. cxd5 Nxd4 10. exd4 Nxd5 11.
O-O Be7 12. Ne4 Nb4 13. Bc3 Nxd3 14. Qxd3 Qd5 15. Qd2 Qxe4 16. Rfe1 Qg6 17. Qf4 Bd7 18.
d5 Rfe8 19. Qc7 Rad8 20. Re3 e5 21. Bxe5 Bf6 22. Bxf6 Qxf6 23. Rxe8+ Bxe8 24. Qxb7 Qb6 25. Qxb6 axb6 26. Rd1 Kf8 27. d6 Bc6 28. f4 Ke8 29. Re1+ Kf8 30. Rd1 Ra8 31. a3 Ra7 32. Rc1 Bd7 33.
Kf2 Ke8 34. Re1+ Kf8 35. Rc1 Rb7 36. Ke3 Ke8 37. Kd4 Kd8 38. g4 Bxg4 39. Rg1 h5 40.
h3 Bxh3 41. Rxg7 Bg4 42. Rh7 Ke8 43. f5 Bxf5 44. Rxh5 Bg6 45. Re5+ Kd7 46. Kd5 Bh5 47. Rxh5 Rb8 48. Re5 Rf8 49. Re7+ Kd8 50. Kc6 f5 51.
Ra7 Ke8 52. Ra8+ Kf7 53. Rxf8+ Kxf8 54. d7 1-0

[Event "*** SCC Grand Prix: Titled Tuesday Blitz"]
[Site "Chess.com"]
[Date "2020.06.09"]
[Round "8"]
[White "RaphCamora"]
[Black "stanyga"]
[Result "1-0"]
[WhiteElo "2494"]
[BlackElo "2639"]
[TimeControl "180+1"]
[EndTime "10:34:58 PDT"]
[Termination "RaphCamora won by resignation"]

1. Nf3 Nf6 2. c4 c5 3. g3 Nc6 4. Bg2 e5 5. O-O Be7 6. Nc3 O-O 7. d3 d6 8. Ne1 Rb8 9. Nc2 a6 10.
a4 Be6 11. Ne3 Nb4 12. Ncd5 Nfxd5 13. cxd5 Bd7 14. Bd2 a5 15. Nc4 b6 16. f4 exf4 17.
Bxf4 Bc8 18. Qd2 Ba6 19. Ne3 Qd7 20. h4 Rbe8 21. Kh2 f5 22. Rf2 Bf6 23. Raf1 Bd4 24. b3 Bb7 25. Bh3 Bxe3 26. Bxe3 Nxd5 27. Bxf5 Rxf5 28. Rxf5 Nxe3 29. Qxe3 g6 30. Qg5 Rxe2+ 31.
R5f2 Qe8 32. Qf6 Bd5 33. Rxe2 Qxe2+ 34. Rf2 Qe8 35. Qxd6 Bf7 36. Qxb6 Qe3 37. Qd8+ Be8 38. Qf6 1-0

[Event "*** SCC Grand Prix: Titled Tuesday Blitz"]
[Site "Chess.com"]
[Date "2020.06.09"]
[Round "8"]
[White "ENEASZ"]
[Black "Flawless_Fighter"]
[Result "0-1"]
[WhiteElo "2464"]
[BlackElo "2613"]
[TimeControl "180+1"]
[EndTime "10:34:58 PDT"]
[Termination "Flawless_Fighter won by resignation"]

1. e4 c6 2. d4 d5 3. exd5 cxd5 4. Bd3 Nc6 5. c3 Nf6 6. Bf4 Bg4 7. Nf3 e6 8. Qb3 Qc8 9. Ne5 Nxe5 10. Bxe5 Be7 11. Bb5+ Kf8 12. Nd2 a6 13. Bd3 Nd7 14. Bg3 g6 15. O-O Bf5 16. Bxf5 gxf5 17. Nf3 h5 18. h4 Rg8 19. Bf4 Rg4 20. g3 Nf6 21. Bh6+ Kg8 22. Ne5 Re4 23. Bg5 Qc7 24. Qd1 Ng4 25.
Bxe7 Qxe7 26. Nd3 f4 27. Qf3 fxg3 28. Qxg3 Kh8 29. Rae1 Rg8 30. Rxe4 dxe4 31. Qf4 0-1